 Dungeon Crawl Stone Soup version 0.29-a0-271-gd4eb659eea (webtiles) character file.

Game seed: 9170724845791030608

346 fcSolar the Firebug (level 6, -1/47 HPs)
             Began as a Draconian Fire Elementalist on Mar 8, 2022.
             Slain by an orc
             ... wielding a +0 war axe
              (7 damage)
             ... on level 4 of the Dungeon.
             The game lasted 00:17:05 (4118 turns).

fcSolar the Firebug (Draconian Fire Elementalist)   Turns: 4118, Time: 00:17:05

Health: -1/47      AC:  6    Str: 11    XL:     6   Next: 32%
Magic:  3/11       EV: 12    Int: 17    God:
Gold:   194        SH:  0    Dex: 11    Spells: 9/12 levels left

rFire   . . .      SeeInvis .   d - +3 dagger (venom)
rCold   . . .      Faith    .   (no shield)
rNeg    . . .      Spirit   .   (body armour unavailable)
rPois   .          Reflect  .   (helmet restricted)
rElec   .          Harm     .   (no cloak)
rCorr   .          Rampage  .   (no gloves)
Will    .....                   (no boots)
Stlth   ++........              (no amulet)
HPRegen 0.15/turn               (no ring)
MPRegen 0.12/turn               (no ring)

@: no status effects
A: AC +6, unfitting armour, cold-blooded
a: no special abilities


You were on level 4 of the Dungeon.
You visited 1 branch of the dungeon, and saw 4 of its levels.

You collected 194 gold pieces.

Inventory:

Hand Weapons
 d - a +3 dagger of venom (weapon)
Missiles
 b - 140 stones (quivered)
Jewellery
 e - a ring of wizardry
 f - a +6 ring of dexterity
Scrolls
 c - 2 scrolls of identify


   Skills:
 + Level 1.5 Fighting
 + Level 2.1 Short Blades
 + Level 2.1 Dodging
 + Level 2.3 Stealth
 + Level 3.7 Spellcasting
 + Level 1.1 Conjurations
 + Level 4.9 Fire Magic


You had 9 spell levels left.
You knew the following spells:

 Your Spells              Type           Power      Damage    Failure   Level
a - Foxfire               Conj/Fire      52%        2x1d6     4%          1
b - Scorch                Fire           38%        2d6       3%          2

Your spell library contained the following spells:

 Spells                   Type           Power      Damage    Failure   Level
 Conjure Flame            Conj/Fire      13%        6-21      14%         3
 Inner Flame              Hex/Fire       11%        N/A       19%         3
 Flame Wave               Conj/Fire      13%        2d6       43%         4


Dungeon Overview and Level Annotations

Branches:
Dungeon (4/15)
 Temple: D:4-7

Altars:

Annotations:
D:3 2 transporters, Cecur's ghost, amateur FoFi


Innate Abilities, Weirdness & Mutations

Your plain brown scales are hard. (AC +6)
You cannot fit into any form of body armour.
You are cold-blooded and may be slowed by cold attacks.


Message History

You kill the hobgoblin!
The orc priest hits you but does no damage.
The orc barely misses you.
You hear some strange, mumbled words.
Something tries to affect you, but you resist.
You hit the orc.
The orc is poisoned.
The orc is heavily wounded.
You kill the orc!
You hear some strange, mumbled words.
A magic dart appears from out of thin air!
The magic dart hits you.
The orc priest hits you but does no damage.
The orc hits you with a +0 war axe.
You hit something but do no damage.
Your tail-slap misses something.
The orc priest hits you with a +0 club. The orc hits you with a +0 war axe.
Something completely misses you.
You hit something. Something hits you but does no damage.
The orc priest barely misses you. The orc hits you with a +0 war axe.
You miss something.
The orc priest begins to cast a cantrip, but forgets the words!
The orc hits you with a +0 war axe.
* * * LOW HITPOINT WARNING * * *
Something hits you.
* * * LOW HITPOINT WARNING * * *
You hit something but do no damage.
Your tail-slap misses something.
Something hits you but does no damage. The orc priest barely misses you.
The orc barely misses you.
You miss something. You punch something.
Reactivating autopickup.
You feel a bit more experienced. The orc closely misses you.
Things that are here:
a +0 dagger; a +0 robe You barely miss the orc.
The orc priest misses you. The orc hits you with a +0 war axe.
* * * LOW HITPOINT WARNING * * *
You hit the orc.
The orc is poisoned.
The orc is heavily wounded.
The orc priest barely misses you. The orc hits you with a +0 war axe!
You die...

#................#
#####...#####..##....#
.............<.##.#.>#
..................#)).
...............##.##.#
#......####..##.##.#
#................#
#...(########.####
#@o..# #.# #o)..#
#.#### ............#
#..... ...##.#)..#.#
###### #.......)..
........#.#.#
#.#..#.#.#.#.#
#......... . .
#.........# .


You could see an orc priest and an orc (very poisoned).

Vanquished Creatures
  A phantom (D:4)
  2 orc priests
  An iguana (D:4)
  4 orc wizards
  3 adders
  A worm (D:2)
  A dart slug (D:1)
  11 orcs
  A bat (D:3)
  4 endoplasms
  3 giant cockroaches
  2 goblins (D:2)
  2 hobgoblins
  3 ball pythons
  8 kobolds
  2 rats (D:1)
49 creatures vanquished.

Vanquished Creatures (others)
  21 foxfires
21 creatures vanquished.

Grand Total: 70 creatures vanquished

Notes
Turn   | Place    | Note
-------+----------+-------------------------------------------
     0 | D:1      | fcSolar the Draconian Fire Elementalist began the quest for
                  | the Orb.
     0 | D:1      | Reached XP level 1. HP: 14/14 MP: 3/3
   440 | D:1      | Reached XP level 2. HP: 20/20 MP: 0/5
   572 | D:1      | Found a faded altar of an unknown god.
  1617 | D:2      | Learned a level 2 spell: Scorch
  1814 | D:2      | Reached XP level 3. HP: 22/26 MP: 2/7
  2084 | D:2      | Reached skill level 1 in Fighting
  2719 | D:3      | Reached skill level 1 in Short Blades
  2719 | D:3      | Reached XP level 4. HP: 20/35 MP: 3/8
  3151 | D:3      | Noticed an ogre
  3181 | D:3      | Found a transporter.
  3184 | D:3      | Noticed Cecur's ghost (amateur FoFi)
  3185 | D:3      | Identified the +2 great mace of Kiwnovo {venom, rElec}
  3185 | D:3      | Noticed an ogre
  3187 | D:3      | Noticed an ogre
  3279 | D:3      | Reached XP level 5. HP: 40/40 MP: 4/9
  3606 | D:3      | Found a transporter.
  3655 | D:4      | Noticed a phantom
  3669 | D:4      | Killed a phantom
  3670 | D:4      | Reached skill level 4 in Fire Magic
  3702 | D:4      | Reached XP level 6. HP: 15/47 MP: 3/11
  4118 | D:4      | Slain by an orc

Illustrated notes

Levels and vault maps discovered:
D:1:      noname_arrival_rooms_in_the_neighbourhood, layout_basic,
          ebering_ecumenical_altar_petrified
D:2:      layout_loops_corners, minmay_tripent
D:3:      layout_loops_ring, gammafunk_ghost_smash,
          nicolae_concentric_dashed_squares_mild
D:4:      layout_loops_cross, dk_vineyard_2, uniq_natasha

Skill      XL: |  1  2  3  4  5  6 |
---------------+-------------------+-----
Fighting       | 1 |  1.5
Stealth        | 2 |  2.3
Short Blades   | 1 2 |  2.1
Dodging        | 2 |  2.1
Spellcasting   | 3 |  3.7
Fire Magic     | 4 |  4.9
Conjurations   | |  1.1

Action                   |  1- 3 |  4- 6 || total
-------------------------+-------+-------++-------
Melee: Short sword       |    22 |       ||    22
       Unarmed           |     4 |       ||     4
       Tailslap          |     4 |     4 ||     8
       Dagger            |    18 |    55 ||    73
       Punch             |       |     3 ||     3
Throw: Stone             |     3 |     1 ||     4
 Cast: Foxfire           |    17 |     2 ||    19
       Scorch            |    13 |    18 ||    31
  Use: Potion            |     3 |     5 ||     8
       Scroll            |     4 |     1 ||     5
 Stab: Sleeping          |     4 |     1 ||     5
Armor: Skin              |    19 |    21 ||    40
Dodge: Dodged            |    32 |    33 ||    65

Table legend: (Time is in decaauts)
 A = Elapsed time spent in this place.
 B = Non-inter-level travel time spent in this place.
 C = Inter-level travel time spent in this place.
 D = Time resting spent in this place.
 E = Time spent auto-exploring this place.
 F = Levels seen in this place.
 G = Mean time per level.
                   A        B        C        D        E       F      G
               +--------+--------+--------+--------+--------+-----+--------+
         Total |   4073 |   4073 |      0 |    471 |   2512 |   4 | 1018.2 |
       Dungeon |   4073 |   4073 |      0 |    471 |   2512 |   4 | 1018.2 |
               +--------+--------+--------+--------+--------+-----+--------+

Top non-repeatable levels by time:
     D:2: 1253 daAuts
     D:1: 1226 daAuts
     D:3: 1134 daAuts
     D:4: 459 daAuts
